TOP OF THE 1ST |
Grim Reapers batting - Pitching for Idaho Falls Chukars : LHP Cameron Thoresen
|
Pitching: LHP Cameron Thoresen
|
|
Batting: SHB Leonard Davis
|
0-0: Foul Ball, location: 2F 0-1: SINGLE (Line Drive, 78M, EV 100.0 MPH)
|
Batting: LHB Lorenzo Ortíz
|
0-0: Ball 1-0: Ball 2-0: Foul Ball, location: 2F 2-1: Foul Ball, location: 2F 2-2: Strikes out swinging Leonard Davis steals 2nd base Batter strikes out.
|
Batting: RHB Lonnie Doble
|
0-0: Ball 1-0: Ball 2-0: Called Strike 2-1: Swinging Strike 2-2: Ground out 3-1 (Groundball, 34, EV 86.9 MPH) Leonard Davis to third
|
Batting: RHB Gene Blanton
|
0-0: Ball 1-0: Ball 2-0: Ball 3-0: Base on Balls
|
Batting: RHB Adrián Sánchez
|
0-0: Called Strike 0-1: Hit by Pitch Gene Blanton to second
|
Batting: RHB Chi-eun Mun
|
0-0: Called Strike 0-1: Ball 1-1: Reached on error, E3 (Groundball, 34S, EV 90.6 MPH) Leonard Davis scores Gene Blanton to third Adrián Sánchez to second
|
Batting: RHB Alfred Coleman
|
0-0: Swinging Strike 0-1: Called Strike 0-2: Foul Ball, location: 2F 0-2: Foul Ball, location: 2F 0-2: Ball 1-2: Foul Ball, location: 2F 1-2: Strikes out swinging
|
Top of the 1st over - 1 run, 1 hit, 1 error, 3 left on base; Grim 1 - Idaho Falls 0 |
BOTTOM OF THE 1ST |
Idaho Falls Chukars batting - Pitching for Grim Reapers : RHP Alberto López
|
Pitching: RHP Alberto López
|
|
Batting: LHB Josh Wiggins
|
0-0: Called Strike 0-1: Called Strike 0-2: Ball 1-2: Foul Ball, location: 2F 1-2: Ball 2-2: Foul Ball, location: 2F 2-2: Foul Ball, location: 2F 2-2: Strikes out swinging
|
Batting: RHB Jon Hill
|
0-0: Called Strike 0-1: Ground out 6-3 (Groundball, 6, EV 83.1 MPH)
|
Batting: RHB Vinnie Nuyten
|
0-0: Called Strike 0-1: Called Strike 0-2: Ball 1-2: Foul Ball, location: 2F 1-2: Ball 2-2: Strikes out swinging
|
Bottom of the 1st over - 0 runs, 0 hits, 0 errors, 0 left on base; Grim 1 - Idaho Falls 0 |
TOP OF THE 2ND |
Grim Reapers batting - Pitching for Idaho Falls Chukars : LHP Cameron Thoresen
|
Batting: RHB Taysir bin Mahmud
|
0-0: Ball 1-0: Ball 2-0: Ball 3-0: Base on Balls
|
Batting: SHB Fernando Urby
|
0-0: Ball 1-0: Swinging Strike 1-1: Swinging Strike 1-2: Strikes out looking
|
Batting: SHB Leonard Davis
|
0-0: Foul Ball, location: 2F 0-1: Ball Wild Pitch! Taysir bin Mahmud to second 1-1: SINGLE (Line Drive, 78S, EV 98.1 MPH) Taysir bin Mahmud to third
|
Batting: LHB Lorenzo Ortíz
|
0-0: Called Strike 0-1: Ball 1-1: Ball 2-1: SINGLE (Groundball, 34D, EV 101.9 MPH) Taysir bin Mahmud scores Leonard Davis to second Runner from 2nd tries for 3rd, SAFE, throw by RF made to third
|
Batting: RHB Lonnie Doble
|
0-0: Ball Lorenzo Ortíz steals 2nd base 1-0: Called Strike 1-1: Ball 2-1: Fly out, F8 (Flyball, 89XD, EV 89.4 MPH) Runner from 3rd tags up, SCORES, no throw by CF Lorenzo Ortíz to third
|
Batting: RHB Gene Blanton
|
0-0: Ball 1-0: Called Strike 1-1: Foul Ball, location: 2F 1-2: Ball 2-2: Strikes out looking
|
Top of the 2nd over - 2 runs, 2 hits, 0 errors, 1 left on base; Grim 3 - Idaho Falls 0 |
BOTTOM OF THE 2ND |
Idaho Falls Chukars batting - Pitching for Grim Reapers : RHP Alberto López
|
Batting: SHB Koryusai Ohayashi
|
0-0: Called Strike 0-1: Ball 1-1: Swinging Strike 1-2: Ball 2-2: Strikes out swinging
|
Batting: SHB Oscar Henson
|
0-0: Ball 1-0: Called Strike 1-1: Ball 2-1: Foul Ball, location: 2F 2-2: Ground out 6-3 (Groundball, 6, EV 103.8 MPH)
|
Batting: RHB Richard Forrest
|
0-0: SINGLE (Line Drive, 34, EV 101.2 MPH)
|
Batting: RHB Greg Ge
|
0-0: Ball Richard Forrest is caught stealing 2nd base 2-4
|
Bottom of the 2nd over - 0 runs, 1 hit, 0 errors, 0 left on base; Grim 3 - Idaho Falls 0 |
TOP OF THE 3RD |
Grim Reapers batting - Pitching for Idaho Falls Chukars : LHP Cameron Thoresen
|
Batting: RHB Adrián Sánchez
|
0-0: Ball 1-0: Swinging Strike 1-1: Foul Ball, location: 2F 1-2: Strikes out looking
|
Batting: RHB Chi-eun Mun
|
0-0: Ball 1-0: Fly out, F8 (Flyball, 89D, EV 93.1 MPH)
|
Batting: RHB Alfred Coleman
|
0-0: Fly out, F6 (Popup, 6MD, EV 52.5 MPH)
|
Top of the 3rd over - 0 runs, 0 hits, 0 errors, 0 left on base; Grim 3 - Idaho Falls 0 |
BOTTOM OF THE 3RD |
Idaho Falls Chukars batting - Pitching for Grim Reapers : RHP Alberto López
|
Batting: RHB Greg Ge
|
0-0: Called Strike 0-1: Ball 1-1: Foul Ball, location: 2F 1-2: Ball 2-2: Strikes out swinging
|
Batting: RHB Jon Walker
|
0-0: Ball 1-0: Ground out 4-3 (Groundball, 34, EV 106.9 MPH)
|
Batting: SHB Jesús Sánchez
|
0-0: Called Strike 0-1: Called Strike 0-2: Ground out 5-3 (Groundball, 56, EV 83.8 MPH)
|
Bottom of the 3rd over - 0 runs, 0 hits, 0 errors, 0 left on base; Grim 3 - Idaho Falls 0 |
TOP OF THE 4TH |
Grim Reapers batting - Pitching for Idaho Falls Chukars : LHP Cameron Thoresen
|
Batting: RHB Taysir bin Mahmud
|
0-0: Ball 1-0: SINGLE (Groundball, 34D, EV 103.1 MPH)
|
Batting: SHB Fernando Urby
|
0-0: Foul Ball, location: 2F 0-1: Ball 1-1: Foul Ball, location: 2F 1-2: Foul Ball, location: 2F 1-2: Fly out, F8 (Flyball, 8RS, EV 96.9 MPH)
|
Batting: SHB Leonard Davis
|
0-0: Foul Ball, location: 2F 0-1: Foul Ball, location: 2F 0-2: Ball 1-2: Foul Ball, location: 2F 1-2: Foul Ball, location: 2F 1-2: Ball 2-2: Ball 3-2: Foul Ball, location: 2F 3-2: Fielders Choice at 2nd, 1-6 (Groundball, 23, EV 91.9 MPH)
|
Batting: LHB Lorenzo Ortíz
|
0-0: Ball 1-0: Called Strike 1-1: Foul Ball, location: 2F 1-2: Foul Ball, location: 2F 1-2: Strikes out swinging
|
Top of the 4th over - 0 runs, 1 hit, 0 errors, 1 left on base; Grim 3 - Idaho Falls 0 |
BOTTOM OF THE 4TH |
Idaho Falls Chukars batting - Pitching for Grim Reapers : RHP Alberto López
|
Batting: LHB Josh Wiggins
|
0-0: Ball 1-0: Ball 2-0: Called Strike 2-1: Fly out, F8 (Line Drive, 8RD, EV 95.6 MPH)
|
Batting: RHB Jon Hill
|
0-0: Ground out 3-1 (Groundball, 34, EV 86.9 MPH)
|
Batting: RHB Vinnie Nuyten
|
0-0: Ball 1-0: Foul Ball, location: 2F 1-1: Hit by Pitch
|
Batting: SHB Koryusai Ohayashi
|
0-0: Ball 1-0: Ball 2-0: Ball 3-0: Base on Balls Vinnie Nuyten to second
|
Batting: SHB Oscar Henson
|
0-0: Called Strike 0-1: Ball 1-1: Foul Ball, location: 2F 1-2: Strikes out swinging
|
Bottom of the 4th over - 0 runs, 0 hits, 0 errors, 2 left on base; Grim 3 - Idaho Falls 0 |
TOP OF THE 5TH |
Grim Reapers batting - Pitching for Idaho Falls Chukars : LHP Cameron Thoresen
|
Batting: RHB Lonnie Doble
|
0-0: Ball 1-0: Ball 2-0: Swinging Strike 2-1: Swinging Strike 2-2: Strikes out swinging
|
Batting: RHB Gene Blanton
|
0-0: Foul Ball, location: 2F 0-1: Ball 1-1: Ball 2-1: Swinging Strike 2-2: Foul Ball, location: 2F 2-2: Strikes out looking
|
Batting: RHB Adrián Sánchez
|
0-0: Ball 1-0: Called Strike 1-1: Ball 2-1: Fly out, F8 (Flyball, 89D, EV 105.0 MPH)
|
Top of the 5th over - 0 runs, 0 hits, 0 errors, 0 left on base; Grim 3 - Idaho Falls 0 |
BOTTOM OF THE 5TH |
Idaho Falls Chukars batting - Pitching for Grim Reapers : RHP Alberto López
|
Batting: RHB Richard Forrest
|
0-0: Called Strike 0-1: Ball 1-1: Foul Ball, location: 2F 1-2: Foul Ball, location: 2F 1-2: Ball 2-2: Ball 3-2: Foul Ball, location: 2F 3-2: Foul Ball, location: 2F 3-2: Foul Ball, location: 2F 3-2: Foul Ball, location: 2F 3-2: SINGLE (Groundball, 56D, EV 105.0 MPH)
|
Batting: RHB Greg Ge
|
0-0: Called Strike 0-1: Foul Ball, location: 2F 0-2: Ball 1-2: Strikes out looking
|
Batting: RHB Jon Walker
|
0-0: Ball 1-0: Ball 2-0: Called Strike 2-1: Swinging Strike 2-2: Ball 3-2: Grounds into double play, 5-4-3 (Groundball, 56, EV 110.6 MPH)
|
Bottom of the 5th over - 0 runs, 1 hit, 0 errors, 0 left on base; Grim 3 - Idaho Falls 0 |
TOP OF THE 6TH |
Grim Reapers batting - Pitching for Idaho Falls Chukars : LHP Cameron Thoresen
|
Batting: RHB Chi-eun Mun
|
0-0: Ground out 6-3 (Groundball, 6, EV 90.6 MPH)
|
Batting: RHB Alfred Coleman
|
0-0: Foul Ball, location: 2F 0-1: Ball 1-1: Ball 2-1: Foul Ball, location: 2F 2-2: Ground out 1-3 (Groundball, 34S, EV 68.1 MPH)
|
Batting: RHB Taysir bin Mahmud
|
0-0: Swinging Strike 0-1: SINGLE (Line Drive, 6MD, EV 98.1 MPH)
|
Batting: SHB Fernando Urby
|
0-0: Ball 1-0: Ball 2-0: Ball 3-0: Base on Balls Taysir bin Mahmud to second
|
Pitching: LHP Kevin Parker
|
|
Batting: SHB Leonard Davis
|
0-0: Called Strike 0-1: Foul Ball, location: 2F 0-2: Ball 1-2: Ball 2-2: Foul Ball, location: 2F 2-2: Strikes out looking
|
Top of the 6th over - 0 runs, 1 hit, 0 errors, 2 left on base; Grim 3 - Idaho Falls 0 |
BOTTOM OF THE 6TH |
Idaho Falls Chukars batting - Pitching for Grim Reapers : RHP Alberto López
|
Batting: SHB Jesús Sánchez
|
0-0: Ball 1-0: Ball 2-0: Ball 3-0: Called Strike 3-1: Foul Ball, location: 2F 3-2: Strikes out looking
|
Batting: LHB Josh Wiggins
|
0-0: SINGLE (Line Drive, 34, EV 96.2 MPH)
|
Batting: RHB Jon Hill
|
0-0: Ball 1-0: Called Strike Josh Wiggins is caught stealing 2nd base 2-4 1-1: Fly out, F8 (Flyball, 89D, EV 95.6 MPH)
|
Bottom of the 6th over - 0 runs, 1 hit, 0 errors, 0 left on base; Grim 3 - Idaho Falls 0 |
TOP OF THE 7TH |
Grim Reapers batting - Pitching for Idaho Falls Chukars : LHP Kevin Parker
|
Batting: LHB Lorenzo Ortíz
|
0-0: Ball 1-0: Called Strike 1-1: Ball 2-1: Called Strike 2-2: Strikes out swinging
|
Batting: RHB Lonnie Doble
|
0-0: Foul Ball, location: 2F 0-1: Foul Ball, location: 2F 0-2: Foul Ball, location: 2F 0-2: Ball 1-2: Ball 2-2: SINGLE (Groundball, 6, EV 105.6 MPH) (infield hit)
|
Batting: RHB Gene Blanton
|
0-0: Swinging Strike 0-1: Fielders Choice at 2nd, 2-4 (Groundball, 2L, EV 61.2 MPH)
|
Batting: RHB Adrián Sánchez
|
0-0: Called Strike 0-1: Ball 1-1: Ball 2-1: Foul Ball, location: 2F 2-2: Ball 3-2: SINGLE (Line Drive, 7S, EV 101.9 MPH) Gene Blanton to second Gene Blanton to third
|
Batting: RHB Chi-eun Mun
|
0-0: Ball 1-0: Ball 2-0: Foul Ball, location: 2F 2-1: SINGLE (Groundball, 4MD, EV 95.6 MPH) Gene Blanton scores Adrián Sánchez to second
|
Batting: RHB Alfred Coleman
|
0-0: Foul Ball, location: 2F 0-1: Fly out, F6 (Line Drive, 6, EV 69.4 MPH)
|
Top of the 7th over - 1 run, 3 hits, 0 errors, 2 left on base; Grim 4 - Idaho Falls 0 |
BOTTOM OF THE 7TH |
Idaho Falls Chukars batting - Pitching for Grim Reapers : RHP Alberto López
|
Batting: RHB Vinnie Nuyten
|
0-0: Called Strike 0-1: Ball 1-1: Ball 2-1: SINGLE (Line Drive, 78M, EV 92.5 MPH)
|
Batting: SHB Koryusai Ohayashi
|
0-0: Called Strike 0-1: DOUBLE (Line Drive, 89XD, EV 101.2 MPH) Vinnie Nuyten to third
|
Pitching: RHP Lorenzo Carregosa
|
|
Batting: SHB Oscar Henson
|
0-0: Swinging Strike 0-1: Fly out, F5 (Popup, 56S, EV 76.2 MPH)
|
Batting: RHB Richard Forrest
|
0-0: Ball 1-0: Swinging Strike 1-1: Ball 2-1: Ball 3-1: Foul Ball, location: 2F 3-2: Ground out 5-3 (Groundball, 56S, EV 78.1 MPH) Vinnie Nuyten scores
|
Batting: RHB Greg Ge
|
0-0: Called Strike 0-1: Ground out 5-3 (Groundball, 56S, EV 85.0 MPH)
|
Bottom of the 7th over - 1 run, 2 hits, 0 errors, 1 left on base; Grim 4 - Idaho Falls 1 |
TOP OF THE 8TH |
Grim Reapers batting - Pitching for Idaho Falls Chukars : LHP Kevin Parker
|
Batting: RHB Taysir bin Mahmud
|
0-0: Ball 1-0: Ball 2-0: Foul Ball, location: 2F 2-1: Foul Ball, location: 2F 2-2: Ball 3-2: Strikes out swinging
|
Batting: SHB Fernando Urby
|
0-0: Called Strike 0-1: Ball 1-1: Foul Ball, location: 2F 1-2: Ground out 5-3 (Groundball, 56, EV 85.6 MPH)
|
Batting: SHB Leonard Davis
|
0-0: Called Strike 0-1: Ball 1-1: Swinging Strike 1-2: Ball 2-2: Ground out 1-3 (Groundball, 34S, EV 85.6 MPH)
|
Top of the 8th over - 0 runs, 0 hits, 0 errors, 0 left on base; Grim 4 - Idaho Falls 1 |
BOTTOM OF THE 8TH |
Idaho Falls Chukars batting - Pitching for Grim Reapers : RHP Lorenzo Carregosa
|
Batting: RHB Jon Walker
|
0-0: Called Strike 0-1: Ball 1-1: Foul Ball, location: 2F 1-2: Strikes out looking
|
Batting: SHB Jesús Sánchez
|
0-0: Ball 1-0: SINGLE (Groundball, 34S, EV 71.9 MPH) (infield hit)
|
Batting: LHB Josh Wiggins
|
0-0: Called Strike 0-1: Swinging Strike 0-2: Ball 1-2: Foul Ball, location: 2F 1-2: Ball 2-2: Ball 3-2: Fly out, F8 (Flyball, 8LD, EV 108.1 MPH)
|
Batting: RHB Jon Hill
|
0-0: Swinging Strike 0-1: Foul Ball, location: 2F 0-2: Foul Ball, location: 2F 0-2: Ball 1-2: Ball 2-2: Strikes out swinging
|
Bottom of the 8th over - 0 runs, 1 hit, 0 errors, 1 left on base; Grim 4 - Idaho Falls 1 |
TOP OF THE 9TH |
Grim Reapers batting - Pitching for Idaho Falls Chukars : LHP Kevin Parker
|
Batting: LHB Lorenzo Ortíz
|
0-0: Foul Ball, location: 2F 0-1: Fly out, F8 (Line Drive, 8LM, EV 93.1 MPH)
|
Batting: RHB Lonnie Doble
|
0-0: Swinging Strike 0-1: Ball 1-1: Swinging Strike 1-2: Foul Ball, location: 2F 1-2: DOUBLE (Groundball, 5L, EV 105.6 MPH)
|
Pitching: RHP Gene Kendall
|
|
Batting: RHB Gene Blanton
|
0-0: Swinging Strike 0-1: Foul Ball, location: 2F 0-2: Strikes out looking
|
Batting: RHB Adrián Sánchez
|
0-0: Ball 1-0: Ball 2-0: Ball 3-0: Called Strike 3-1: Foul Ball, location: 2F 3-2: Base on Balls
|
Batting: RHB Chi-eun Mun
|
0-0: Ball 1-0: SINGLE (Line Drive, 7S, EV 110.0 MPH) Lonnie Doble to third Adrián Sánchez to second
|
Batting: RHB Alfred Coleman
|
0-0: Called Strike 0-1: Ball 1-1: Ball 2-1: Foul Ball, location: 2F 2-2: Strikes out swinging
|
Top of the 9th over - 0 runs, 2 hits, 0 errors, 3 left on base; Grim 4 - Idaho Falls 1 |
BOTTOM OF THE 9TH |
Idaho Falls Chukars batting - Pitching for Grim Reapers : RHP Lorenzo Carregosa
|
Pitching: RHP Charlie Bottari
|
|
Batting: RHB Vinnie Nuyten
|
0-0: Ball 1-0: Called Strike 1-1: Ball 2-1: SINGLE (Line Drive, 6D, EV 93.8 MPH)
|
Batting: SHB Koryusai Ohayashi
|
0-0: Ball 1-0: Fly out, F8 (Line Drive, 8LM, EV 93.1 MPH)
|
Batting: SHB Oscar Henson
|
0-0: Called Strike 0-1: Called Strike 0-2: Foul Ball, location: 2F 0-2: Ball 1-2: Ball 2-2: Strikes out swinging
|
Batting: RHB Richard Forrest
|
0-0: Ball 1-0: Called Strike 1-1: Ball 2-1: Foul Ball, location: 2F 2-2: Strikes out looking
|
Bottom of the 9th over - 0 runs, 1 hit, 0 errors, 1 left on base; Grim 4 - Idaho Falls 1 |
|